 Dungeon Crawl Stone Soup version 0.26-a0-812-g31a745ddcd (webtiles) character file.

Game seed: 18365531433049921689

285 mkm the Digger (level 6, -3/32 HPs)
             Began as a Gargoyle Earth Elementalist on Dec 5, 2020.
             Slain by a bullfrog (7 damage)
             ... in a sewer.
             The game lasted 00:23:17 (6791 turns).

mkm the Digger (Gargoyle Earth Elementalist)        Turns: 6791, Time: 00:23:18

Health: -3/32      AC:  6    Str: 12    XL:     6   Next: 29%
Magic:  11/11      EV: 12    Int: 17    God:
Gold:   76         SH:  0    Dex: 10    Spells: 8/12 levels left

rFire    . . .     SeeInvis .   i - +0 dagger
rCold    . . .     Faith    .   (no shield)
rNeg     + . .     Spirit   .   c - +0 robe
rPois    ∞         Reflect  .   (no helmet)
rElec    +         Harm     .   (no cloak)
rCorr    .         Rampage  .   (no gloves)
MR       .....                  (no boots)
Stlth    +.........             (no amulet)
HPRegen  0.10/turn              (no ring)
MPRegen  0.12/turn              (no ring)

@: very slow
A: negative energy resistance 1, electricity resistance, unbreathing,
petrification resistance, rot immunity, AC +4
a: no special abilities


You were in a sewer.
You visited 1 branch of the dungeon, and saw 3 of its levels.
You also visited: Sewer.

You collected 76 gold pieces.

Inventory:

Hand Weapons
 i - a +0 dagger (weapon)
Armour
 c - a +0 robe (worn)
Jewellery
 p - an uncursed ring of see invisible {unknown}
Scrolls
 b - a scroll of identify
 d - a scroll of enchant weapon {unknown}
 e - a scroll of remove curse {unknown}
 f - a scroll of amnesia {unknown}
 h - a scroll of fear {unknown}
 m - a scroll of immolation {unknown}
Potions
 k - a potion of attraction {unknown}


   Skills:
 - Level 1.5 Dodging
 - Level 2.1 Stealth
 - Level 0.1 Unarmed Combat
 + Level 3.7 Spellcasting
 + Level 3.1 Conjurations
   Level 0.7 Transmutations
 + Level 6.0 Earth Magic


You had 8 spell levels left.
You knew the following spells:

 Your Spells              Type           Power        Failure   Level
a - Sandblast             Erth           ###...       1%          1
b - Stone Arrow           Conj/Erth      ###...       8%          3

Your spell library contained the following spells:

 Spells                   Type           Power        Failure   Level
 Passwall                 Tmut/Erth      ##......     6%          2
 Lee's Rapid Deconstruct  Erth           ###.......   36%         5
 Petrify                  Tmut/Erth      ##......     38%         4


Dungeon Overview and Level Annotations

Branches:
Dungeon (3/15)              Sewer (1/1)

Altars:


Innate Abilities, Weirdness & Mutations

You are resistant to torment.
Your stone body is resilient. (AC +4)
You are immune to poison.
You resist negative energy. (rN+)
You are resistant to electric shocks. (rElec)
You can survive without breathing.
You are immune to petrification.
You are immune to rotting.


Message History

The bullfrog gives a loud, deep croak!
The bullfrog barely misses you. The bullfrog hits you.
You enter the shallow water.
Moving in this stuff is going to be slow.
The bullfrog hits you. The bullfrog hits you. The bullfrog barely misses you.
The bullfrog misses you. The bullfrog closely misses you.
The bullfrog completely misses you. The bullfrog hits you.
The bullfrog hits you but does no damage.
The bullfrog hits you. The bullfrog barely misses you. The bullfrog hits you.
The bullfrog barely misses you. The bullfrog hits you!
* * * LOW HITPOINT WARNING * * *
The bullfrog barely misses you. The bullfrog misses you. The bullfrog hits you.
* * * LOW HITPOINT WARNING * * *
The bullfrog hits you!
You die...

#############
#≈≈≈.≈≈.≈≈≈.#####
#≈≈≈≈≈≈≈≈≈≈≈÷.∩.###
#≈≈≈#########≈...≈##
####≈≈≈†.≈≈≈≈≈≈####.≈∩#
##≈≈#≈=.†≈#####≈.≈.#####
####≈.≈#######≈∩≈#≈≈≈≈≈≈≈##
#≈≈≈≈≈≈≈#..≈≈.≈F@####≈≈≈≈≈##
≈≈.≈#≈≈##≈..≈≈≈F≈≈.≈###≈≈≈≈##
≈≈≈##≈≈#≈≈#######≈≈≈≈≈##≈≈.≈#
≈≈##≈≈##≈≈# ###≈≈≈≈##≈≈≈##
≈≈#≈≈.#≈≈.≈ ##≈.≈≈#≈≈≈≈#
.##≈≈≈#F.≈.≈ ##≈≈.##≈≈≈#
≈#≈≈≈≈#≈≈.≈)≈ #≈≈.≈#≈≈≈#
≈#≈≈≈≈#≈≈.$[.. #≈≈≈≈#≈≈≈#
≈#≈≈≈≈#≈.≈.?$.. #≈.≈≈#.≈≈#


You could see 2 bullfrogs.

Vanquished Creatures
  10 adders
  13 oozes (Sewer)
  3 worms
  4 dart slugs
  10 leopard geckos (Sewer)
  An orc (D:3)
  17 ball pythons (Sewer)
  3 bats
  15 giant cockroaches
  10 goblins
  6 hobgoblins
  A quokka (D:2)
  14 frilled lizards (Sewer)
  3 kobolds
  A leopard gecko skeleton (D:2)
  9 rats
120 creatures vanquished.

Vanquished Creatures (others)
  3 plants (D:1)
3 creatures vanquished.

Grand Total: 123 creatures vanquished

Notes
Turn   | Place    | Note
-------+----------+-------------------------------------------
     0 | D:1      | mkm the Gargoyle Earth Elementalist began the quest for the
                  | Orb.
     0 | D:1      | Reached XP level 1. HP: 10/10 MP: 3/3
    77 | D:1      | Reached skill level 4 in Earth Magic
   114 | D:1      | Reached XP level 2. HP: 2/15 MP: 0/5
  1178 | D:1      | Reached XP level 3. HP: 11/19 MP: 4/6
  1185 | D:1      | Learned a level 3 spell: Stone Arrow
  2076 | D:2      | Reached skill level 1 in Conjurations
  2076 | D:2      | Reached XP level 4. HP: 24/24 MP: 5/8
  2367 | D:2      | Reached skill level 5 in Earth Magic
  3335 | D:3      | Found a glowing drain.
  3363 | Sewer    | Entered a sewer
  3367 | Sewer    | Reached XP level 5. HP: 16/28 MP: 3/9
  5375 | Sewer    | Reached XP level 6. HP: 32/32 MP: 7/11
  6345 | Sewer    | Reached skill level 6 in Earth Magic
  6791 | Sewer    | Slain by a bullfrog

Illustrated notes

Levels and vault maps discovered:
D:1:      minmay_arrival_semitransparent, layout_loops_cross, serial_forest,
          infiniplex_forest_lined_room_, infiniplex_forest_clump_diagonal,
          infiniplex_forest_straight_1, infiniplex_forest_lined_ring,
          infiniplex_forest_lined_2, infiniplex_forest_straight_1,
          infiniplex_forest_clump_cross, nrook_mini_vaults,
          chequers_serial_rivers_marsh, st_stairs_10, minmay_close_crescents
D:2:      layout_loops_cross
D:3:      layout_basic, grunt_temple_overflow_cloverleaf,
          cheibrodos_sewer_entry_drain, minmay_statues_item
Sewer:    sewer_frog_island_02

Skill      XL: |  1  2  3  4  5  6 |
---------------+-------------------+-----
Earth Magic    | 4 5 6 |  6.0
Conjurations   | 1 2 3 |  3.1
Spellcasting   | 3 |  3.7
Dodging        | |  1.5
Stealth        | |  2.1
Unarmed Combat | |  0.1
Transmutations | |  0.7

Action                   |  1- 3 |  4- 6 || total
-------------------------+-------+-------++-------
Melee: Unarmed           |    18 |       ||    18
       Dagger            |    47 |   182 ||   229
 Cast: Sandblast         |    34 |    24 ||    58
       Stone Arrow       |       |    78 ||    78
  Use: Scroll            |       |     3 ||     3
       Potion            |       |     3 ||     3
 Stab: Sleeping          |     1 |     2 ||     3
Armor: Robe              |    22 |   157 ||   179
       Skin              |       |     2 ||     2
Dodge: Dodged            |    38 |   298 ||   336

Table legend: (Time is in decaauts)
 A = Elapsed time spent in this place.
 B = Non-inter-level travel time spent in this place.
 C = Inter-level travel time spent in this place.
 D = Time resting spent in this place.
 E = Time spent auto-exploring this place.
 F = Levels seen in this place.
 G = Mean time per level.
                   A        B        C        D        E       F      G
               +--------+--------+--------+--------+--------+-----+--------+
         Total |   7061 |   7021 |     40 |   3557 |   1980 |   4 | 1765.2 |
       Dungeon |   3368 |   3328 |     40 |   1226 |   1439 |   3 | 1122.7 |
         Sewer |   3693 |   3693 |      0 |   2331 |    541 |   1 | 3693.0 |
               +--------+--------+--------+--------+--------+-----+--------+

Top non-repeatable levels by time:
   Sewer: 3693 daAuts
     D:1: 1703 daAuts
     D:2: 1446 daAuts
     D:3: 217 daAuts
